 Dungeon Crawl Stone Soup version 0.28-a0-925-gd5e1996cdb (webtiles) character file.

Game seed: 1520487267541753127

37 gigimoi the Stinger (level 3, 0/25 HPs)
             Began as a Demonspawn Venom Mage on Nov 26, 2021.
             Slain by Terence (4 damage)
             ... on level 2 of the Dungeon.
             The game lasted 00:04:29 (2129 turns).

gigimoi the Stinger (Demonspawn Venom Mage)         Turns: 2129, Time: 00:04:29

Health: 0/25       AC:  2    Str:  8    XL:     3   Next: 23%
Magic:  1/6        EV: 12    Int: 17    God:
Gold:   72         SH:  0    Dex: 13    Spells: 0/6 levels left

rFire   . . .      SeeInvis .   c - +0 dagger
rCold   . . .      Faith    .   (no shield)
rNeg    . . .      Spirit   .   a - +0 robe
rPois   .          Reflect  .   (no helmet)
rElec   .          Harm     .   (no cloak)
rCorr   .          Rampage  .   (no gloves)
Will    .....                   (no boots)
Stlth   ++........              (no amulet)
HPRegen 0.08/turn               e - ring of wizardry
MPRegen 0.10/turn               (no ring)

@: very slightly contaminated
A: powered by pain 2
a: no special abilities


You were on level 2 of the Dungeon.
You visited 1 branch of the dungeon, and saw 3 of its levels.

You collected 72 gold pieces.

Inventory:

Hand Weapons
 c - a +0 dagger (weapon)
Armour
 a - a +0 robe (worn)
Jewellery
 e - a ring of wizardry (left hand)
Scrolls
 d - 2 scrolls of immolation {unknown}
 f - 2 scrolls of identify {unknown}
Potions
 b - 2 potions of ambrosia {unknown}


   Skills:
 + Level 0.5 Fighting
 * Level 2.2 Dodging
 + Level 2.1 Stealth
 + Level 2.2 Spellcasting
 + Level 1.2 Transmutations
 * Level 3.3 Poison Magic


You couldn't memorise any spells.
You knew the following spells:

 Your Spells              Type           Power      Damage    Failure   Level
a - Sting                 Tmut/Pois      36%        1d4       3%          1
b - Poisonous Vapours     Pois/Air       14%        N/A       6%          2
c - Mephitic Cloud        Conj/Pois/Air  5%         N/A       14%         3

Your spell library contained the following spells:

 Spells                   Type           Power      Damage    Failure   Level
 Olgreb's Toxic Radiance  Pois           13%        N/A       19%         4


Dungeon Overview and Level Annotations

Branches:
Dungeon (3/15)

Altars:

Annotations:
D:2 Terence


Innate Abilities, Weirdness & Mutations

You sometimes gain power by taking damage.


Message History

The sting hits Terence but does no damage.
Terence looks even sicker.
Terence hits you with a +0 short sword!
Casting: Sting (safe; 3% risk of failure)
Confirm with . or Enter, or press ? or * to list all spells.
Aiming: Sting (safe; 3% risk of failure)
Press: ? - help, Shift-Dir - straight line, f/p - Terence
Aim: Terence, wielding a +0 short sword and wearing a +0 scale mail (very poisoned, 72% to hit)
The sting hits Terence but does no damage.
Terence looks even sicker.
Terence barely misses you.
Casting: Sting (safe; 3% risk of failure)
Confirm with . or Enter, or press ? or * to list all spells.
Aiming: Sting (safe; 3% risk of failure)
Press: ? - help, Shift-Dir - straight line, f/p - Terence
Aim: Terence, wielding a +0 short sword and wearing a +0 scale mail (lightly wounded, very poisoned, 72% to hit)
The sting hits Terence but does no damage.
Terence looks as sick as possible!
Terence is lightly wounded.
Terence hits you with a +0 short sword.
Casting: Sting (safe; 3% risk of failure)
Confirm with . or Enter, or press ? or * to list all spells.
Aiming: Sting (safe; 3% risk of failure)
Press: ? - help, Shift-Dir - straight line, f/p - Terence
Aim: Terence, wielding a +0 short sword and wearing a +0 scale mail (moderately wounded, extremely poisoned, 72% to hit)
You miscast Sting.
You are very lightly contaminated with residual magic.
Nothing appears to happen.
Terence hits you but does no damage.
You hit Terence but do no damage.
Terence is moderately wounded.
Terence hits you with a +0 short sword.
You hit Terence but do no damage.
Terence is heavily wounded.
Terence closely misses you.
You hit Terence but do no damage.
Terence is severely wounded.
Terence hits you with a +0 short sword!
* * * LOW HITPOINT WARNING * * *
You hit Terence but do no damage.
Terence is severely wounded.
Terence hits you with a +0 short sword.
You die...

#########.#
..........#
.########.# . #.# .
#(# .. ### #.#
#####.# #.. ...
....#.# #.# ###
#.#@#.# #.# #.#@#.#
#.# #.#.#.# #.###
#.#.#.# ....#
###.....# ###.#
#)......## #
#.########........#
#
#.........#.......#
#
##########........#
# #.##...#########


You could see Terence (very poisoned).

Vanquished Creatures
  An adder (D:2)
  2 dart slugs
  A ball python (D:2)
  3 bats (D:1)
  3 endoplasms (D:1)
  A giant cockroach (D:1)
  5 goblins (D:1)
  A hobgoblin (D:1)
  A kobold (D:1)
  4 rats
22 creatures vanquished.

Notes
Turn   | Place    | Note
-------+----------+-------------------------------------------
     0 | D:1      | gigimoi the Demonspawn Venom Mage began the quest for the
                  | Orb.
     0 | D:1      | Reached XP level 1. HP: 13/13 MP: 3/3
   156 | D:1      | Reached skill level 1 in Transmutations
   330 | D:1      | Gained mutation: You sometimes gain a little power by
                  | taking damage. [demonic ancestry]
   330 | D:1      | Reached XP level 2. HP: 19/19 MP: 0/5
   550 | D:1      | Learned a level 2 spell: Poisonous Vapours
  1577 | D:2      | Gained mutation: You sometimes gain power by taking damage.
                  | [demonic ancestry]
  1577 | D:2      | Reached XP level 3. HP: 17/24 MP: 0/6
  1734 | D:2      | Learned a level 3 spell: Mephitic Cloud
  1862 | D:2      | Noticed Terence
  2129 | D:2      | Slain by Terence

Illustrated notes

Levels and vault maps discovered:
D:1:      heliophobic_arrival_battle_scene, layout_basic
D:2:      layout_loops_ring, serial_shops, shop, uniq_terence
D:3:      layout_rooms, amethyst_overflow_temple_binary, serial_shops,
          shop_fountains

Skill      XL: |  1  2 |
---------------+-------+-----
Transmutations | 1 |  1.2
Stealth        | 2 |  2.1
Dodging        | 2 |  2.2
Fighting       | |  0.5
Spellcasting   | |  2.2
Poison Magic   | |  3.3

Action                   || total
-------------------------++-------
Melee: Unarmed           ||     3
       Dagger            ||    13
 Cast: Sting             ||    32
       Poisonous Vapours ||    21
Armor: Robe              ||     6
Dodge: Dodged            ||    14

Table legend: (Time is in decaauts)
 A = Elapsed time spent in this place.
 B = Non-inter-level travel time spent in this place.
 C = Inter-level travel time spent in this place.
 D = Time resting spent in this place.
 E = Time spent auto-exploring this place.
 F = Levels seen in this place.
 G = Mean time per level.
                   A        B        C        D        E       F      G
               +--------+--------+--------+--------+--------+-----+--------+
         Total |   2129 |   2095 |     34 |    990 |    878 |   3 |  709.7 |
       Dungeon |   2129 |   2095 |     34 |    990 |    878 |   3 |  709.7 |
               +--------+--------+--------+--------+--------+-----+--------+

Top non-repeatable levels by time:
     D:1: 1514 daAuts
     D:2: 406 daAuts
     D:3: 207 daAuts
